AoeStats
← TheSickBag

Black Forest

505947386Analyzed
3v3 RM · 21d ago on Sep 11, 2026· 44m 8s· 6 players
Game mode
Random Map
Map size
Normal (6 player)
Population
200
Speed
Normal
Resources
Standard
Victory
Conquest
Starting age
Dark Age
Ending age
Imperial Age
RankedLock teamsTeams togetherTeam positionsShared explorationLock speedFull tech treeHidden civsTurbo modeCheats
Victory
Defeat
🇺🇸 Persians · United States
939
+14
🇦🇷 Teutons · Argentina
900
+16
🇹🇷 Britons · Türkiye
876
+17
🇬🇧 Franks · United Kingdom
1000
-60
🇬🇧 Japanese · United Kingdom
873
-15
🇬🇧 Burgundians · United Kingdom
821
-13
NUFCXXCHARLES
11:30 Wheelbarrow
12:28 Feudal Age
10:44 Loom
13:13 Town Watch
16:49 Double-Bit Axe
16:59 Gold Mining
17:00 Stone Mining
16:53 Horse Collar
20:53 Castle Age
19:29 Wheelbarrow
22:33 Husbandry
28:06 Bow Saw
35:38 Stone Shaft Mining
35:38 Gold Shaft Mining
34:41 Cavalier
37:35 Scale Barding Armor
40:33 Hand Cart
40:18 Town Patrol
40:24 Town Patrol
40:39 Hand Cart
41:26 Chain Barding Armor
41:06 Scale Mail Armor
41:20 Forging
45:42 Imperial Age
TheSickBag
10:16 Loom
13:04 Feudal Age
15:29 Double-Bit Axe
15:27 Horse Collar
17:28 Man-at-Arms
19:15 Forging
19:06 Scale Mail Armor
20:48 Wheelbarrow
21:32 Gold Mining
21:34 Stone Mining
23:18 Town Watch
26:00 Castle Age
24:29 Town Watch
26:28 Arson
26:04 Long Swordsman
26:31 Gambesons
29:04 Heavy Plow
29:20 Bow Saw
29:56 Gold Shaft Mining
29:34 Squires
31:02 Iron Casting
30:43 Chain Mail Armor
37:01 Fortified Wall
36:15 Pikeman
The_Slayer_XD
16:33 Feudal Age
33:25 Castle Age
Diesel_Dab
1:47 Loom
13:42 Feudal Age
15:11 Double-Bit Axe
17:31 Castle Age
18:43 Bow Saw
20:17 Horse Collar
24:03 Wheelbarrow
25:34 Hand Cart
28:02 Caravan
29:02 Scale Barding Armor
29:08 Forging
30:01 Kamandaran
31:55 Husbandry
32:06 Bloodlines
36:30 Imperial Age
34:27 Chain Barding Armor
34:43 Iron Casting
36:11 Cavalier
37:29 Plate Barding Armor
37:56 Blast Furnace
36:56 Padded Archer Armor
36:47 Fletching
37:55 Ballistics
37:45 Savar
39:54 Two-Man Saw
38:47 Gold Mining
39:07 Heavy Plow
38:54 Town Watch
Lethe
0:27 Loom
12:56 Feudal Age
19:44 Castle Age
18:44 Stone Mining
18:42 Double-Bit Axe
18:50 Gold Mining
20:00 Horse Collar
20:13 Fletching
20:24 Padded Archer Armor
29:47 Pikeman
34:22 Imperial Age
33:31 Heavy Plow
34:08 Gold Shaft Mining
33:52 Leather Archer Armor
33:32 Bodkin Arrow
33:50 Bow Saw
33:33 Town Watch
34:24 Wheelbarrow
33:33 Fishing Lines
35:16 Ballistics
35:18 Town Patrol
35:21 Gillnets
36:48 Two-Man Saw
37:07 Chemistry
36:19 Fortified Wall
36:42 Hand Cart
36:40 Elite Longbowman
41:37 Yeomen
43:04 Caravan
43:35 Coinage
43:16 Guilds
44:09 Ring Archer Armor
Axl Rose
0:49 Loom
12:33 Feudal Age
13:09 Double-Bit Axe
16:20 Bloodlines
18:46 Forging
24:00 Castle Age
25:20 Wheelbarrow
25:27 Gold Mining
25:20 Horse Collar
25:46 Scale Mail Armor
25:55 Man-at-Arms
26:20 Gambesons
26:36 Squires
27:27 Scale Barding Armor
28:05 Pikeman
29:07 Town Watch
32:02 Hand Cart
32:25 Town Patrol
34:58 Iron Casting
34:44 Heavy Plow
35:09 Bow Saw
36:01 Chain Mail Armor
40:12 Imperial Age
41:47 Stone Mining
42:59 Blast Furnace
42:29 Plate Mail Armor
42:23 Chain Barding Armor
41:27 Long Swordsman
41:27 Halberdier
41:34 Cavalier
42:21 Capped Ram
42:29 Two-Handed Swordsman
42:57 Arson
42:46 Cavalier
Connection lost

Rejoining the realm…

Still unreachable

The connection could not be restored.

Session expired

The server has moved on; the page needs a fresh start.